ORI
UNIVERSITY OF SOUTHERN CALIFORNIA TROJANS @ COASTAL CAROLINA UNIVERSITY CHANTICLEERS
09/01/2044
 
TOP OF THE 1ST
University of Southern California Trojans batting - Pitching for Coastal Carolina University Chanticleers : RHP Clifton Stannard
Pitching: RHP Clifton Stannard
Batting: RHB Joaquin Salazar 0-0: Ground out U3 (Groundball, 34S, EV 87.5 MPH)
Batting: RHB Arturo Galdamez 0-0: Swinging Strike
0-1: Ball
1-1: Called Strike
1-2: Ball
2-2: Ground out 5-3 (Groundball, 56S, EV 91.2 MPH)
Batting: RHB Carlos Livas 0-0: Ball
1-0: Fly out, F9 (Flyball, 9, EV 88.1 MPH)
Top of the 1st over - 0 runs, 0 hits, 0 errors, 0 left on base; University of Southern California 0 - Coastal Carolina University 0
BOTTOM OF THE 1ST
Coastal Carolina University Chanticleers batting - Pitching for University of Southern California Trojans : RHP Carlton Howe
Pitching: RHP Carlton Howe
Batting: SHB Gustavo Froio 0-0: Ball
1-0: Called Strike
1-1: SINGLE (Line Drive, 8LS, EV 109.4 MPH)
Batting: SHB Brian Zazulak 0-0: Fly out, F5 (Popup, 5L, EV 62.5 MPH)
Batting: RHB Justin Dunham 0-0: Foul Ball, location: 2F
0-1: Foul Ball, location: 2F
0-2: Ball
1-2: 2-RUN HOME RUN (Flyball, 78XD, EV 114.4 MPH), Distance : 422 ft
Batting: SHB Guy Jerome 0-0: Ball
1-0: Foul Ball, location: 2F
1-1: Fly out, F4 (Line Drive, 4, EV 66.2 MPH)
Batting: RHB Ed Santibanez 0-0: Ball
1-0: Ground out 6-3 (Groundball, 6, EV 96.2 MPH)
Bottom of the 1st over - 2 runs, 2 hits, 0 errors, 0 left on base; University of Southern California 0 - Coastal Carolina University 2
TOP OF THE 2ND
University of Southern California Trojans batting - Pitching for Coastal Carolina University Chanticleers : RHP Clifton Stannard
Batting: LHB Miguel Espinoza 0-0: Ball
1-0: Swinging Strike
1-1: Called Strike
1-2: Ball
2-2: Ball
3-2: Ground out U3 (Groundball, 3, EV 84.4 MPH)
Batting: RHB Jon Solis 0-0: Ball
1-0: Called Strike
1-1: Ball
2-1: Foul Ball, location: 2F
2-2: Foul Ball, location: 2F
2-2: Foul Ball, location: 2F
2-2: Strikes out looking
Batting: SHB Rodrigo Mendoza 0-0: Called Strike
0-1: Ball
1-1: Ball
2-1: Foul Ball, location: 2F
2-2: Ball
3-2: Foul Ball, location: 2F
3-2: SINGLE (Groundball, 6MD, EV 103.1 MPH)
Batting: LHB Ivan Castillo 0-0: Called Strike
0-1: Ball
1-1: Ball
2-1: Ball
3-1: Base on Balls
Rodrigo Mendoza to second
Batting: RHB Adam Copsey 0-0: Hit by Pitch
Rodrigo Mendoza to third
Ivan Castillo to second
Batting: RHB Humberto Avila 0-0: Ball
1-0: Called Strike
1-1: Foul Ball, location: 2F
1-2: Strikes out swinging
Top of the 2nd over - 0 runs, 1 hit, 0 errors, 3 left on base; University of Southern California 0 - Coastal Carolina University 2
BOTTOM OF THE 2ND
Coastal Carolina University Chanticleers batting - Pitching for University of Southern California Trojans : RHP Carlton Howe
Batting: RHB Francisco Cabrera 0-0: Foul Ball, location: 2F
0-1: Ball
1-1: Ball
2-1: Foul Ball, location: 2F
2-2: Fly out, F8 (Flyball, 89XD, EV 88.8 MPH)
Batting: RHB Robbie Gomez 0-0: Foul Ball, location: 2F
0-1: Called Strike
0-2: Fly out, F8 (Flyball, 8RS, EV 90.6 MPH)
Batting: LHB Bill Byford 0-0: Ball
1-0: Foul Ball, location: 2F
1-1: Ground out U3 (Groundball, 34, EV 105.0 MPH)
Bottom of the 2nd over - 0 runs, 0 hits, 0 errors, 0 left on base; University of Southern California 0 - Coastal Carolina University 2
TOP OF THE 3RD
University of Southern California Trojans batting - Pitching for Coastal Carolina University Chanticleers : RHP Clifton Stannard
Batting: RHB Joaquin Salazar 0-0: Ball
1-0: Swinging Strike
1-1: Ball
2-1: SINGLE (Groundball, 56, EV 98.1 MPH)
Batting: RHB Arturo Galdamez 0-0: Ball
1-0: Ball
Joaquin Salazar steals 2nd, throwing error, E2
Joaquin Salazar to third
2-0: Foul Ball, location: 2F
2-1: Ball
3-1: Reached on error, E5 (Groundball, 56S, EV 65.6 MPH)
Joaquin Salazar scores
Batting: RHB Carlos Livas 0-0: SINGLE (Groundball, 34D, EV 112.5 MPH)
Arturo Galdamez to second
Runner from 2nd tries for 3rd, SAFE, throw by RF made to third
Batting: LHB Miguel Espinoza 0-0: Ball
1-0: Ball
Carlos Livas steals 2nd, throwing error, E2
Arturo Galdamez scores
Carlos Livas to third
2-0: Called Strike
2-1: SINGLE (Groundball, 3S, EV 65.6 MPH) (infield hit)
Carlos Livas scores
Batting: RHB Jon Solis 0-0: Grounds into double play, 4-6-3 (Groundball, 4, EV 90.6 MPH)
Batting: SHB Rodrigo Mendoza 0-0: Foul Ball, location: 2F
0-1: Foul Ball, location: 2F
0-2: Foul Ball, location: 2F
0-2: Ball
1-2: Ball
2-2: Ball
3-2: SOLO HOME RUN (Flyball, 9LD, EV 93.1 MPH), Distance : 341 ft
Batting: LHB Ivan Castillo 0-0: SOLO HOME RUN (Flyball, 89XD, EV 99.4 MPH), Distance : 401 ft
Pitching: RHP Danny Pacheco
Batting: RHB Adam Copsey 0-0: Hit by Pitch, AND HE CHARGES THE MOUND! The benches clear!
Pitching: RHP Alfons Gulbrandsson
Pinch Runner at 1st Melvin Ramirez:
Batting: RHB Humberto Avila 0-0: Ball
1-0: Foul Ball, location: 2F
1-1: Ball
2-1: Fly out, F8 (Flyball, 8RD, EV 87.5 MPH)
Top of the 3rd over - 5 runs, 5 hits, 3 errors, 1 left on base; University of Southern California 5 - Coastal Carolina University 2
BOTTOM OF THE 3RD
Coastal Carolina University Chanticleers batting - Pitching for University of Southern California Trojans : RHP Carlton Howe
Now at 2B: Victor Arevalo
Batting: RHB Robby Herrera 0-0: Ball
1-0: SINGLE (Groundball, 56D, EV 101.9 MPH)
Batting: SHB Gustavo Froio 0-0: Called Strike
0-1: Called Strike
0-2: Strikes out swinging
Batting: SHB Brian Zazulak 0-0: Ball
1-0: Fielders Choice at 2nd, 6-4 (Groundball, 6, EV 100.0 MPH)
Batting: RHB Justin Dunham 0-0: Ball
1-0: Foul Ball, location: 2F
1-1: Swinging Strike
1-2: Foul Ball, location: 2F
1-2: Ball
2-2: Ground out U3 (Groundball, 34, EV 103.1 MPH)
Bottom of the 3rd over - 0 runs, 1 hit, 0 errors, 1 left on base; University of Southern California 5 - Coastal Carolina University 2
TOP OF THE 4TH
University of Southern California Trojans batting - Pitching for Coastal Carolina University Chanticleers : RHP Alfons Gulbrandsson
Batting: RHB Joaquin Salazar 0-0: Ball
1-0: Ball
2-0: Fly out, F3 (Popup, 3S, EV 68.8 MPH)
Batting: RHB Arturo Galdamez 0-0: Ball
1-0: Called Strike
1-1: Swinging Strike
1-2: Ball
2-2: Strikes out swinging
Batting: RHB Carlos Livas 0-0: Ball
1-0: Ground out 4-3 (Groundball, 4, EV 85.6 MPH)
Top of the 4th over - 0 runs, 0 hits, 0 errors, 0 left on base; University of Southern California 5 - Coastal Carolina University 2
BOTTOM OF THE 4TH
Coastal Carolina University Chanticleers batting - Pitching for University of Southern California Trojans : RHP Carlton Howe
Batting: SHB Guy Jerome 0-0: Ground out 5-3 (Groundball, 56D, EV 84.4 MPH)
Batting: RHB Ed Santibanez 0-0: Ball
1-0: Foul Ball, location: 2F
1-1: Ball
2-1: Called Strike
2-2: Strikes out looking
Batting: RHB Francisco Cabrera 0-0: Ball
1-0: Called Strike
1-1: Called Strike
1-2: SINGLE (Groundball, 6MD, EV 103.8 MPH)
Batting: RHB Robbie Gomez 0-0: Called Strike
0-1: Ball
1-1: Fly out, F4 (Line Drive, 4, EV 67.5 MPH)
Bottom of the 4th over - 0 runs, 1 hit, 0 errors, 1 left on base; University of Southern California 5 - Coastal Carolina University 2
TOP OF THE 5TH
University of Southern California Trojans batting - Pitching for Coastal Carolina University Chanticleers : RHP Alfons Gulbrandsson
Batting: LHB Miguel Espinoza 0-0: Called Strike
0-1: Swinging Strike
0-2: Hit by Pitch
Batting: RHB Jon Solis 0-0: Fly out, F4 (Popup, 34, EV 61.2 MPH)
Batting: SHB Rodrigo Mendoza 0-0: Called Strike
0-1: Swinging Strike
0-2: Fielders Choice at 2nd, 3-6 (Groundball, 34, EV 88.8 MPH)
Batting: LHB Ivan Castillo 0-0: Ball
1-0: Swinging Strike
1-1: Foul Ball, location: 2F
1-2: Strikes out swinging
Top of the 5th over - 0 runs, 0 hits, 0 errors, 1 left on base; University of Southern California 5 - Coastal Carolina University 2
BOTTOM OF THE 5TH
Coastal Carolina University Chanticleers batting - Pitching for University of Southern California Trojans : RHP Carlton Howe
Batting: LHB Bill Byford 0-0: Called Strike
0-1: Ball
1-1: Foul Ball, location: 2F
1-2: Ball
2-2: Ball
3-2: Foul Ball, location: 2F
3-2: Fly out, F5 (Flyball, 5D, EV 90.6 MPH)
Batting: RHB Robby Herrera 0-0: Ball
1-0: Swinging Strike
1-1: Ball
2-1: Ball
3-1: Base on Balls
Batting: SHB Gustavo Froio 0-0: Ball
1-0: Ball
2-0: Called Strike
2-1: Foul Ball, location: 2F
2-2: Strikes out swinging
Batting: SHB Brian Zazulak 0-0: Called Strike
0-1: Foul Ball, location: 2F
0-2: Ball
Wild Pitch!
Robby Herrera to second
1-2: Foul Ball, location: 2F
1-2: Ground out 6-3 (Groundball, 6, EV 76.9 MPH)
Bottom of the 5th over - 0 runs, 0 hits, 0 errors, 1 left on base; University of Southern California 5 - Coastal Carolina University 2
TOP OF THE 6TH
University of Southern California Trojans batting - Pitching for Coastal Carolina University Chanticleers : RHP Alfons Gulbrandsson
Batting: LHB Victor Arevalo 0-0: Ball
1-0: Ball
2-0: Ground out 1-3 (Groundball, 15S, EV 75.0 MPH)
Batting: RHB Humberto Avila 0-0: Ball
1-0: Foul Ball, location: 2F
1-1: Ball
2-1: Foul Ball, location: 2F
2-2: Foul Ball, location: 2F
2-2: Strikes out swinging
Batting: RHB Joaquin Salazar 0-0: Fly out, F8 (Flyball, 78D, EV 95.0 MPH)
Top of the 6th over - 0 runs, 0 hits, 0 errors, 0 left on base; University of Southern California 5 - Coastal Carolina University 2
BOTTOM OF THE 6TH
Coastal Carolina University Chanticleers batting - Pitching for University of Southern California Trojans : RHP Carlton Howe
Batting: RHB Justin Dunham 0-0: Ball
1-0: Ball
2-0: Foul Ball, location: 2F
2-1: Foul Ball, location: 2F
2-2: Ground out 6-3 (Groundball, 6D, EV 90.0 MPH)
Pitching: LHP Logan Stewart
Batting: SHB Guy Jerome 0-0: Called Strike
0-1: Called Strike
0-2: Fly out, F4 (Popup, 4D, EV 68.8 MPH)
Batting: RHB Ed Santibanez 0-0: Ball
1-0: Ball
2-0: Foul Ball, location: 2F
2-1: Foul Ball, location: 2F
2-2: Ground out 6-3 (Groundball, 56D, EV 86.2 MPH)
Bottom of the 6th over - 0 runs, 0 hits, 0 errors, 0 left on base; University of Southern California 5 - Coastal Carolina University 2
TOP OF THE 7TH
University of Southern California Trojans batting - Pitching for Coastal Carolina University Chanticleers : RHP Alfons Gulbrandsson
Batting: RHB Arturo Galdamez 0-0: Ball
1-0: Ball
2-0: Ball
3-0: Ground out U3 (Groundball, 34, EV 88.8 MPH)
Pitching: RHP Justin Holdeman
Batting: RHB Carlos Livas 0-0: Ball
1-0: Called Strike
1-1: Ball
2-1: Foul Ball, location: 2F
2-2: Foul Ball, location: 2F
2-2: Foul Ball, location: 2F
2-2: Ball
3-2: Foul Ball, location: 2F
3-2: SINGLE (Line Drive, 9S, EV 105.0 MPH)
Batting: LHB Miguel Espinoza 0-0: Ball
Carlos Livas steals 2nd base
1-0: Called Strike
1-1: Foul Ball, location: 2F
1-2: Ground out 5-3 (Groundball, 56, EV 105.6 MPH)
Batting: RHB Jon Solis 0-0: Called Strike
0-1: Swinging Strike
0-2: Strikes out swinging
Top of the 7th over - 0 runs, 1 hit, 0 errors, 1 left on base; University of Southern California 5 - Coastal Carolina University 2
BOTTOM OF THE 7TH
Coastal Carolina University Chanticleers batting - Pitching for University of Southern California Trojans : LHP Logan Stewart
Batting: RHB Francisco Cabrera 0-0: Foul Ball, location: 2F
0-1: Ball
1-1: Ball
2-1: Called Strike
2-2: Ground out 6-3 (Groundball, 6D, EV 103.8 MPH)
Batting: RHB Robbie Gomez 0-0: Ball
1-0: Ball
2-0: Called Strike
2-1: Swinging Strike
2-2: Ground out 6-3 (Groundball, 6, EV 83.8 MPH)
Batting: LHB Bill Byford 0-0: Swinging Strike
0-1: Ball
1-1: Called Strike
1-2: Strikes out swinging
Bottom of the 7th over - 0 runs, 0 hits, 0 errors, 0 left on base; University of Southern California 5 - Coastal Carolina University 2
TOP OF THE 8TH
University of Southern California Trojans batting - Pitching for Coastal Carolina University Chanticleers : RHP Justin Holdeman
Batting: SHB Rodrigo Mendoza 0-0: Called Strike
0-1: Ball
1-1: Foul Ball, location: 2F
1-2: Foul Ball, location: 2F
1-2: Strikes out swinging
Batting: LHB Ivan Castillo 0-0: Ball
1-0: Called Strike
1-1: Swinging Strike
1-2: Foul Ball, location: 2F
1-2: DOUBLE (Groundball, 5D, EV 105.6 MPH)
Batting: LHB Victor Arevalo 0-0: Ground out 5-3 (Groundball, 56, EV 80.0 MPH)
Batting: RHB Humberto Avila 0-0: Ball
1-0: Ground out 1-3 (Groundball, 15, EV 64.4 MPH)
Top of the 8th over - 0 runs, 1 hit, 0 errors, 1 left on base; University of Southern California 5 - Coastal Carolina University 2
BOTTOM OF THE 8TH
Coastal Carolina University Chanticleers batting - Pitching for University of Southern California Trojans : LHP Logan Stewart
Batting: RHB Robby Herrera 0-0: Called Strike
0-1: Called Strike
0-2: Ball
1-2: Foul Ball, location: 2F
1-2: DOUBLE (Line Drive, 89D, EV 104.4 MPH)
Batting: SHB Gustavo Froio 0-0: Ball
1-0: Foul Ball, location: 2F
1-1: Foul Ball, location: 2F
1-2: Strikes out swinging
Batting: SHB Brian Zazulak 0-0: Ball
1-0: Ball
2-0: Foul Ball, location: 2F
2-1: Ball
3-1: Base on Balls
Batting: RHB Justin Dunham 0-0: Ball
1-0: Grounds into double play, 6-4-3 (Groundball, 6, EV 82.5 MPH)
Bottom of the 8th over - 0 runs, 1 hit, 0 errors, 1 left on base; University of Southern California 5 - Coastal Carolina University 2
TOP OF THE 9TH
University of Southern California Trojans batting - Pitching for Coastal Carolina University Chanticleers : RHP Justin Holdeman
Batting: RHB Joaquin Salazar 0-0: Called Strike
0-1: Ball
1-1: Ball
2-1: Ground out U3 (Groundball, 3, EV 86.9 MPH)
Batting: RHB Arturo Galdamez 0-0: Foul Ball, location: 2F
0-1: Ball
1-1: DOUBLE (Flyball, 78D, EV 89.4 MPH)
Batting: RHB Carlos Livas 0-0: Ground out 4-3 (Groundball, 4, EV 88.1 MPH)
Arturo Galdamez to third
Batting: LHB Miguel Espinoza 0-0: Foul Ball, location: 2F
0-1: 2-RUN HOME RUN (Flyball, 89XD, EV 106.9 MPH), Distance : 413 ft
Batting: RHB Jon Solis 0-0: Ball
1-0: DOUBLE (Line Drive, 78D, EV 105.0 MPH)
Batting: SHB Rodrigo Mendoza 0-0: Called Strike
0-1: Called Strike
0-2: Strikes out swinging
Top of the 9th over - 2 runs, 3 hits, 0 errors, 1 left on base; University of Southern California 7 - Coastal Carolina University 2
BOTTOM OF THE 9TH
Coastal Carolina University Chanticleers batting - Pitching for University of Southern California Trojans : LHP Logan Stewart
Batting: RHB Mike Hendricks 0-0: Called Strike
0-1: Swinging Strike
0-2: Ball
1-2: SINGLE (Groundball, 6MD, EV 98.1 MPH)
Pitching: RHP Henrique Rabaa
Batting: RHB Ed Santibanez 0-0: Ball
1-0: Called Strike
1-1: SINGLE (Groundball, 56, EV 103.8 MPH) (infield hit)
Mike Hendricks to second
Batting: RHB Francisco Cabrera 0-0: Ball
1-0: Ball
2-0: Fielders Choice at 2nd, 6-4 (Groundball, 6MD, EV 101.2 MPH)
Mike Hendricks to third
Batting: RHB Robbie Gomez 0-0: Ball
1-0: Ball
2-0: Foul Ball, location: 2F
2-1: Ball
3-1: Foul Ball, location: 2F
3-2: Strikes out looking
Batting: LHB Bill Byford 0-0: Swinging Strike
0-1: Ball
1-1: Ball
2-1: Ball
3-1: Base on Balls
Francisco Cabrera to second
Pinch Hitting: SHB Suzunosuke Yamaguchi 0-0: Called Strike
0-1: Fly out, F7 (Line Drive, 78M, EV 111.9 MPH)
Bottom of the 9th over - 0 runs, 2 hits, 0 errors, 3 left on base; University of Southern California 7 - Coastal Carolina University 2
Thursday, March 31st , 2022 - OOTP Baseball 22.12 Build 89